 Dungeon Crawl Stone Soup version 0.27-a0-1591-gc56fcc985a (webtiles) character file.

Game seed: 7258440139454122

107 robertstho the Sneak (level 4, 0/33 HPs)
             Began as an Octopode Monk on July 19, 2021.
             Slain by a water moccasin (7 damage)
             ... on level 3 of the Dungeon.
             The game lasted 00:02:54 (2201 turns).

robertstho the Sneak (Octopode Monk)                Turns: 2201, Time: 00:02:56

Health: 0/33       AC:  1    Str: 10    XL:     4   Next: 85%
Magic:  4/4        EV: 15    Int: 12    God:
Gold:   91         SH:  7    Dex: 15    Spells: 3/3 levels left

rFire    . . .     SeeInvis .   a - +0 short sword
rCold    + . .     Faith    .   b - +0 kite shield
rNeg     . . .     Spirit   .   (helmet restricted)
rPois    .         Reflect  .   (no amulet)
rElec    .         Harm     .   d - +4 ring of evasion
rCorr    .         Rampage  .   g - ring of protection from cold
Will     .....                  (no ring)
Stlth    ++++......             (no ring)
HPRegen  0.11/turn              (no ring)
MPRegen  0.09/turn              (no ring)
                                (no ring)
                                (no ring)

@: lethally poisoned (0 -> -5), hasted, very quick
A: almost no armour, amphibious, 8 rings, camouflage 1, gelatinous body 1,
(nimble swimmer 1), tentacles
a: no special abilities


You were on level 3 of the Dungeon.
You visited 1 branch of the dungeon, and saw 3 of its levels.

You collected 91 gold pieces.

Inventory:

Hand Weapons
 a - a +0 short sword (weapon)
Armour
 b - a +0 kite shield (worn)
Jewellery
 d - a +4 ring of evasion (left tentacle)
 g - a ring of protection from cold (right tentacle)
Scrolls
 j - a scroll of magic mapping {unknown}
 k - a scroll of brand weapon
 m - a scroll of teleportation
Potions
 i - a potion of lignification {unknown}


   Skills:
 * Level 3.7 Fighting
 + Level 3.3 Short Blades
 + Level 3.5 Dodging
 * Level 4.9 Stealth
 + Level 0.3 Shields


You had 3 spell levels left.
You didn't know any spells.
Your spell library contained the following spells:

 Spells                   Type           Power      Damage    Failure   Level
 Sublimation of Blood     Necr           0%         N/A       97%         2
 Wereblood                Tmut           0%         N/A       97%         2
 Summon Hydra             Summ           0%         N/A       100%        7


Dungeon Overview and Level Annotations

Branches:
Dungeon (3/15)

Altars:
The Shining One


Innate Abilities, Weirdness & Mutations

You cannot wear most types of armour.
You are amphibious.
You can wear up to eight rings at the same time.
Your skin changes colour to match your surroundings (Stealth+).
Your rubbery body absorbs attacks. (AC +1, EV +1)
((You are camouflaged near water. (Stealth+)))
You have tentacles for arms and can constrict up to eight enemies at once.


Message History

The water moccasin bites you but does no damage.
You feel very sick.
You feel very sick. The water moccasin bites you.
* * * LOW HITPOINT WARNING * * *
* * * LOW HITPOINT WARNING * * *
You feel very sick.
Okay, then.
You feel much better.
You feel sick. The water moccasin bites you!
It was a potion of ambrosia.
You are confused.
You feel invigorated.
You feel sick. The water moccasin closely misses you.
The water moccasin bites you.
You are lethally poisoned!
The water moccasin poisons you!
You bump into the rock wall.
You feel very sick. The water moccasin barely misses you.
You bump into the rock wall.
You feel less invigorated.
You feel less confused.
You feel very sick.
The water moccasin closely misses you. x2
You hit the water moccasin. Your grab misses the water moccasin.
You squeeze the water moccasin.
The water moccasin is heavily wounded.
You feel very sick. The water moccasin misses you.
You closely miss the water moccasin. You grab the water moccasin.
You squeeze the water moccasin!
The water moccasin is almost dead.
You constrict the water moccasin.
You feel sick. The water moccasin closely misses you.
The water moccasin bites you.
* * * LOW HITPOINT WARNING * * *
It was a potion of haste.
You feel yourself speed up.
You constrict the water moccasin.
* * * LOW HITPOINT WARNING * * *
You feel sick.
The water moccasin completely misses you.
The water moccasin bites you!
You die...

....# ###.# #.. #.# ... #.#
#.# #.# #.# #.# #.# #.# #.#
+## #.# #.# ...# ###.#
###@# ..... .##.##
##.#S####......
.....########...Ss.........
...........................
.....######......###.......
).##.######.#..### .......
#........##.#.## .#.....
#.##.###.##.#.######.##...#
#.##.# #.............# #+##


You could see a water moccasin, a scorpion and a ball python.

Vanquished Creatures
  A gnoll (D:1)
  2 adders
  3 worms
  A dart slug (D:2)
  4 orcs
  2 endoplasms
  6 giant cockroaches
  6 goblins
  7 hobgoblins
  3 jackals (D:1)
  7 kobolds
  3 quokkas
  5 ball pythons
  4 bats
  5 frilled lizards
59 creatures vanquished.

Notes
Turn   | Place    | Note
-------+----------+-------------------------------------------
     0 | D:1      | robertstho the Octopode Monk began the quest for the Orb.
     0 | D:1      | Reached XP level 1. HP: 16/16 MP: 1/1
   132 | D:1      | Reached XP level 2. HP: 20/21 MP: 2/2
   248 | D:1      | Found a faded altar of an unknown god.
   817 | D:1      | Reached skill level 3 in Stealth
   931 | D:1      | Reached XP level 3. HP: 26/26 MP: 3/3
  1306 | D:2      | Reached skill level 4 in Stealth
  1342 | D:2      | Reached XP level 4. HP: 32/32 MP: 4/4
  1939 | D:3      | Found a glowing golden altar of the Shining One.
  2184 | D:3      | Noticed a water moccasin
  2185 | D:3      | Noticed a scorpion
  2201 | D:3      | Slain by a water moccasin

Illustrated notes

Levels and vault maps discovered:
D:1:      dpeg_arrival_stonehenge_12_columns, layout_basic,
          chequers_ecumenical_altar_twisty
D:2:      layout_loops_ring
D:3:      minmay_angry_zag, layout_loops_corners,
          mainiacjoe_overflow_concentric_impassable, kennysheep_orc_chapel

Skill      XL: |  1  2  3 |
---------------+----------+-----
Stealth        | 3 4 |  4.9
Fighting       | |  3.7
Short Blades   | |  3.3
Dodging        | |  3.5
Shields        | |  0.3

Action                   |  1- 3 |  4- 6 || total
-------------------------+-------+-------++-------
Melee: Short sword       |    67 |    41 ||   108
       Constrict         |    15 |     6 ||    21
       Tentacles         |    11 |     6 ||    17
  Use: Potion            |       |     4 ||     4
       Scroll            |       |     3 ||     3
 Stab: Sleeping          |     9 |    17 ||    26
Armor: Skin              |     6 |     4 ||    10
Dodge: Dodged            |    37 |    22 ||    59
Block: Kite shield       |    25 |     5 ||    30

Table legend: (Time is in decaauts)
 A = Elapsed time spent in this place.
 B = Non-inter-level travel time spent in this place.
 C = Inter-level travel time spent in this place.
 D = Time resting spent in this place.
 E = Time spent auto-exploring this place.
 F = Levels seen in this place.
 G = Mean time per level.
                   A        B        C        D        E       F      G
               +--------+--------+--------+--------+--------+-----+--------+
         Total |   2225 |   2173 |     52 |      0 |   1784 |   3 |  741.7 |
       Dungeon |   2225 |   2173 |     52 |      0 |   1784 |   3 |  741.7 |
               +--------+--------+--------+--------+--------+-----+--------+

Top non-repeatable levels by time:
     D:1: 1243 daAuts
     D:2: 698 daAuts
     D:3: 283 daAuts
